 Dungeon Crawl Stone Soup version 0.21.1-1-g345015f (webtiles) character file.

6445 infcreate the Cleaver (level 10, -1/90 HPs)
             Began as a Minotaur Fighter on May 2, 2018.
             Was a Priest of Okawaru.
             Killed by divine providence
             ... invoked by an orc priest
              (12 damage)
             ... on level 10 of the Dungeon.
             The game lasted 00:56:18 (9993 turns).

infcreate the Cleaver (Minotaur Fighter)            Turns: 9993, Time: 00:56:19

Health: -1/90      AC: 13    Str: 29    XL:     10   Next: 67%
Magic:  9/9        EV: 10    Int:  5    God:    Okawaru [***...]
Gold:   326        SH: 12    Dex: 13    Spells: 9/9 levels left

rFire    . . .     SeeInvis .   a - +0 war axe (freeze)
rCold    . . .     Gourm    .   c - +0 shield
rNeg     . . .     Faith    .   D - +1 plate armour
rPois    .         Spirit   .   (helmet restricted)
rElec    .         Reflect  .   (no cloak)
rCorr    .         Harm     .   i - +1 pair of gloves {Str+3}
MR       .....                  (no boots)
Stlth    ..........             (no amulet)
HPRegen  0.25/turn              f - +3 ring of dexterity
MPRegen  0.11/turn              B - ring "Vagurior" {+Inv EV+4 Str+2}

@: corroded, drained, very slow
A: retaliatory headbutt, horns 2
a: Heroism, Renounce Religion, Evoke Invisibility


You were on level 10 of the Dungeon.
You worshipped Okawaru.
Okawaru was most pleased with you.
You were not hungry.

You visited 2 branches of the dungeon, and saw 11 of its levels.

You collected 326 gold pieces.

Inventory:

Hand Weapons
 a - a +0 war axe of freezing (weapon)
Armour
 c - a +0 shield (worn)
 i - a +1 pair of gloves of strength (worn)
 D - a +1 plate armour (worn)
Jewellery
 f - a +3 ring of dexterity (left hand)
 v - the ring "Qireakk" {rN+ Str+3, unknown}
   (You found it on level 10 of the Dungeon)

   [ring of strength]

   It affects your strength (+3).
   It protects you from negative energy.
 B - the ring "Vagurior" (right hand) {+Inv EV+4 Str+2}
   (You found it on level 7 of the Dungeon)

   [ring of evasion]

   It affects your evasion (+4).
   It affects your strength (+2).
   It lets you turn invisible.
Scrolls
 b - a scroll of remove curse
 e - 2 scrolls of immolation
 g - 3 scrolls of blinking
 h - 3 scrolls of identify
 k - a scroll of enchant armour
 l - a scroll of fear
 n - 5 scrolls of teleportation
 s - 2 scrolls of fog
 y - 2 scrolls of amnesia
Potions
 d - 3 potions of might
 j - a potion of curing
 m - a potion of flight {unknown}
 p - a potion of lignification
 q - 3 potions of heal wounds {unknown}
 r - 2 potions of mutation {unknown}
 t - a potion of ambrosia
 u - 3 potions of degeneration {unknown}
 x - 2 potions of haste {unknown}
Books
 o - the Volume of Snow
   (You found it on level 9 of the Dungeon)

   Spells                             Type                      Level
   a - Freeze                         Ice                          1
   b - Ensorcelled Hibernation        Hexes/Ice                    2
   c - Summon Ice Beast               Ice/Summoning                4
   d - Freezing Cloud                 Conjuration/Ice/Air          6
   e - Ozocubu's Refrigeration        Ice                          6
Comestibles
 z - 14 rations


   Skills:
 + Level 8.6(8.3) Fighting
 + Level 12.5(12.1) Axes
 + Level 10.1(9.7) Armour
 + Level 9.2(8.8) Shields


You had 9 spell levels left.
You didn't know any spells.

Dungeon Overview and Level Annotations

Branches:
Dungeon (10/15)            Temple (1/1) D:7            Lair (0/6) D:10
    Orc (0/2) D:10

Altars:
Cheibriados
Dithmenos
Elyvilon
Fedhas
Gozag
Hepliaklqana
Kikubaaqudgha
Makhleb
Nemelex Xobeh
Okawaru
Sif Muna
Trog
Uskayaw
Vehumet
Wu Jian
Yredelemnul
Zin
The Shining One

Shops:
D:9 [

Annotations:
D:10 1 transporter


Innate Abilities, Weirdness & Mutations

You reflexively headbutt those who attack you in melee.
You have a pair of horns on your head.


Message History

The orc priest looks braver for a moment.
The rust devil hits you. The rust devil corrodes you!
The white imp hits the plant but does no damage.
The red devil hits you from afar with a demon trident of freezing.
* * * LOW HITPOINT WARNING * * *
The red devil freezes you.
* * * LOW HITPOINT WARNING * * *
Your unstable footing causes you to fumble your attack.
The soul eater draws from the surrounding life force!
* * * LOW HITPOINT WARNING * * *
The kobold demonologist looks encouraged for a moment.
The soul eater barely misses you. You furiously retaliate!
You headbutt the soul eater!
The crimson imp hits you but does no damage.
The orc priest miscasts a cantrip.
You block the rust devil's attack.
The white imp hits the plant.
The white imp freezes the plant.
The orc priest invokes the aid of Beogh against you.
Beogh smites you!
You die...

.......#.............>.....#.....
.......#...................#....#
##.....#...................#....#
.......#..###############..#....#
.......#..#8P#KKooKo.#P8#..#....#
..........#P.#≈4§≈§≈≈#.P#..#....#
.#######..#./#4.53≈..#)$#..#....#
.#.......©#©.'44P♣≈..+[©#©......#
.#........#./#55@3≈..#?$#.......#
.#.....#..#P.#≈≈3≈≈≈≈#.P#..#....#
.#.....#..#8P#toK....#≈8#..#....#
##.....#..###############..#....#
.......#...................#....#
.......#.........#....######....#
.......#.........#..............#
.......################.........#
.#######.........#.........#....#


You could see 2 soul eaters, a fire crab, a hellwing, a rust devil, 4 kobold
demonologists, a sixfirhy, 2 red devils, 2 orc priests, a crimson imp and 2
white imps.

Vanquished Creatures
  A two-headed ogre (D:8)
  Prince Ribbit (D:5)
  A hornet (D:9)
  2 wraiths (D:7)
  A vampire (D:10)
  A wyvern (D:8)
  The ghost of thiefofnight the Slasher, an amateur MiFi (D:5)
  Sigmund (D:4)
  Menkaure (D:4)
  A water moccasin (D:9)
  A soldier ant (D:9)
  2 hell hounds (D:10)
  An ice beast (D:9)
  2 sky beasts
  2 black bears
  2 orc warriors (D:8)
  5 ogres
  2 phantoms (D:9)
  4 centaurs
  4 bullfrogs
  2 troll zombies (D:7)
  2 scorpions
  9 killer bees
  3 wights (D:7)
  3 howler monkeys
  A crimson imp (D:10)
  A bullfrog zombie (D:9)
  A quasit (D:9)
  3 human zombies (D:7)
  2 jellies
  7 hounds
  5 orc priests
  A bullfrog skeleton (D:10)
  4 iguanas
  8 orc wizards
  4 worker ants
  A hound zombie (D:5)
  2 mummies
  4 gnolls
  9 adders
  6 shadow imps
  An adder zombie (D:7)
  An adder skeleton (D:4)
  2 worms (D:2)
  2 dart slugs
  3 leopard geckos
  21 orcs
  A ball python (D:2)
  5 giant cockroaches
  7 goblins
  5 hobgoblins
  9 jackals
  7 kobolds
  5 quokkas
  5 bats
  11 frilled lizards
  2 jackal skeletons (D:4)
  A leopard gecko skeleton (D:7)
  An orc zombie (D:7)
  A quokka zombie (D:9)
  8 rats
212 creatures vanquished.

Notes
Turn   | Place    | Note
-------+----------+-------------------------------------------
     0 | D:1      | infcreate the Minotaur Fighter began the quest for the Orb.
     0 | D:1      | Reached XP level 1. HP: 19/19 MP: 0/0
   118 | D:1      | Reached XP level 2. HP: 22/27 MP: 1/1
   750 | D:1      | Reached XP level 3. HP: 33/33 MP: 2/2
   867 | D:2      | Reached skill level 3 in Axes
  1064 | D:2      | Found a deep blue altar of Sif Muna.
  1278 | D:2      | Reached XP level 4. HP: 41/41 MP: 3/3
  1880 | D:4      | Reached skill level 4 in Axes
  1929 | D:4      | Noticed Menkaure
  2163 | D:4      | Killed Menkaure
  2163 | D:4      | Reached skill level 5 in Axes
  2163 | D:4      | Reached XP level 5. HP: 32/47 MP: 4/4
  2756 | D:4      | Reached XP level 6. HP: 45/55 MP: 5/5
  2757 | D:4      | Reached skill level 5 in Armour
  3123 | D:4      | Noticed Sigmund
  3133 | D:4      | Killed Sigmund
  3133 | D:4      | Reached skill level 5 in Fighting
  3133 | D:4      | Reached skill level 6 in Axes
  3353 | D:4      | Reached XP level 7. HP: 36/61 MP: 6/6
  3491 | D:4      | Found a blossoming altar of Fedhas.
  3840 | D:5      | Entered Level 5 of the Dungeon
  3928 | D:5      | Noticed Prince Ribbit
  3976 | D:5      | HP: 2/61 [Prince Ribbit (3)]
  4315 | D:5      | Reached skill level 7 in Axes
  4372 | D:5      | Reached skill level 5 in Shields
  4432 | D:5      | Noticed thiefofnight's ghost (amateur MiFi)
  4442 | D:5      | Killed thiefofnight's ghost
  4753 | D:5      | Killed Prince Ribbit
  4753 | D:5      | Reached XP level 8. HP: 5/70 MP: 7/7
  5134 | D:5      | Found a burning altar of Makhleb.
  5134 | D:5      | Noticed a cacodemon
  5137 | D:5      | Noticed a smoke demon
  5137 | D:5      | Noticed a smoke demon
  5240 | D:5      | Reached skill level 8 in Axes
  5445 | D:6      | Found a sparkling altar of Nemelex Xobeh.
  6058 | D:6      | Reached skill level 9 in Axes
  6399 | D:7      | Got a pitted platinum ring
  6419 | D:7      | Reached XP level 9. HP: 66/78 MP: 8/8
  6427 | D:7      | Found a staircase to the Ecumenical Temple.
  6469 | Temple   | Entered the Ecumenical Temple
  6559 | Temple   | Became a worshipper of Warmaster Okawaru
  6653 | D:7      | Found a shadowy altar of Dithmenos.
  6669 | D:7      | Got a smoking brass ring
  6789 | D:7      | Found a basalt altar of Yredelemnul.
  6839 | D:7      | Reached skill level 10 in Axes
  7407 | D:8      | Noticed a two-headed ogre
  7426 | D:8      | Killed a two-headed ogre
  7426 | D:8      | Reached * piety under Okawaru
  7426 | D:8      | Reached skill level 11 in Axes
  7708 | D:8      | Reached XP level 10. HP: 75/88 MP: 9/9
  7748 | D:8      | Reached ** piety under Okawaru
  8256 | D:8      | Identified the ring "Saocs" {Wiz MR+ Int+2} (You found it on level 7 of the Dungeon)
  8258 | D:8      | Identified the ring "Vagurior" {+Inv EV+4 Str+2} (You found it on level 7 of the Dungeon)
  8285 | D:8      | Found an ancient bone altar of Kikubaaqudgha.
  8379 | D:8      | Found a snail-covered altar of Cheibriados.
  8733 | D:9      | Found a bloodstained altar of Trog.
  8794 | D:9      | Reached skill level 12 in Axes
  8955 | D:9      | Reached skill level 10 in Armour
  8974 | D:9      | Found Cesahij's Armour Boutique.
  9016 | D:9      | Identified the Volume of Snow
  9217 | D:9      | Found a glowing golden altar of the Shining One.
  9217 | D:9      | Found a hazy altar of Hepliaklqana.
  9221 | D:9      | Found a radiant altar of Vehumet.
  9299 | D:10     | Entered Level 10 of the Dungeon
  9346 | D:10     | Reached *** piety under Okawaru
  9587 | D:10     | Found a transporter.
  9591 | D:10     | Noticed a fire crab
  9594 | D:10     | Noticed an orc high priest
  9607 | D:10     | Found a transporter.
  9697 | D:10     | Got a transparent pewter ring
  9766 | D:10     | Found a staircase to the Orcish Mines.
  9786 | D:10     | Noticed an orc high priest
  9797 | D:10     | Found a staircase to the Lair.
  9988 | D:10     | Noticed a rust devil
  9988 | D:10     | Noticed a soul eater
  9989 | D:10     | Noticed a sixfirhy
  9991 | D:10     | Noticed a sixfirhy
  9991 | D:10     | Noticed a soul eater
  9993 | D:10     | Killed from afar by an orc priest

Skill      XL: |  1  2  3  4  5  6  7  8  9 10 |
---------------+-------------------------------+-----
Fighting       | 4 5 6 7 8 |  8.6
Shields        | 4 5 6 7 9 |  9.2
Armour         | 4 5 6 8 9 10 | 10.1
Axes           | 3 5 6 7 9 11 12 | 12.5

Action                   |  1- 3 |  4- 6 |  7- 9 | 10-12 || total
-------------------------+-------+-------+-------+-------++-------
Melee: War axe           |    81 |    76 |   275 |   199 ||   631
       Headbutt          |    13 |    13 |    63 |    36 ||   125
  Use: Scroll            |     1 |     3 |     7 |     1 ||    12
       Potion            |       |     1 |     2 |       ||     3
  Eat: Chunk             |     1 |       |     4 |     4 ||     9
       Ration            |       |     2 |     3 |     1 ||     6
Armor: Scale mail        |    32 |    26 |    32 |       ||    90
       Plate armour      |       |       |    52 |    85 ||   137
Dodge: Dodged            |    28 |    22 |    48 |    56 ||   154
Block: Shield            |    40 |    32 |   115 |   109 ||   296
